 Dungeon Crawl Stone Soup version 0.31-a0-188-g5e087ee2ca (webtiles) character file.

Game seed: 17254556222251782257

78 qw the Shooter (level 4, 0/25 HPs)
             Began as a Deep Elf Hunter on June 23, 2023.
             Slain by Menkaure (11 damage)
             ... on level 4 of the Dungeon.
             The game lasted 00:00:46 (2353 turns).

qw the Shooter (Deep Elf Hunter)                    Turns: 2353, Time: 00:00:46

Health: 0/25       AC:  9    Str: 10    XL:     4   Next: 15%
Magic:  0/6        EV:  9    Int: 14    God:
Gold:   109        SH:  0    Dex: 18    Spells: 3/3 levels left

rFire   . . .        Y - +0 shortbow
rCold   . . .        (shield currently unavailable)
rNeg    + . .        m - +0 scale mail
rPois   .            e - +2 helmet
rElec   .            (no cloak)
rCorr   .            (no gloves)
SInv    .            (no boots)
Will    .....        h - amulet of guardian spirit
Stlth   +            a - ring of positive energy
HPRegen 0.24/turn    (no ring)
MPRegen 0.10/turn

%: guardian spirit
@: no status effects
A: no striking features
a: no special abilities


You were on level 4 of the Dungeon.
You visited 1 branch of the dungeon, and saw 4 of its levels.

You collected 109 gold pieces.


   Skills:
 - Level 1.5 Fighting
 + Level 7.6 Ranged Weapons
 - Level 2.4 Dodging
 - Level 1.2 Stealth


You had 3 spell levels left.
You didn't know any spells.
Your spell library was empty.

Inventory:

Hand Weapons
 Y - a +0 shortbow (weapon)
Armour
 e - a +2 helmet (worn)
 m - a +0 scale mail (worn)
Jewellery
 a - a ring of positive energy (left hand)
 h - an amulet of guardian spirit (around neck)
Scrolls
 b - 2 scrolls of identify
Potions
 d - a potion of resistance
 f - a potion of berserk rage {unknown}
 i - a potion of degeneration {unknown}
 j - a potion of cancellation {unknown}
 k - 2 potions of curing
 n - a potion of enlightenment
 p - a potion of might {unknown}

Dungeon Overview and Level Annotations

Branches:
Dungeon (4/15)
 Temple: D:4-7

Altars:

Shops:
D:4 [

Annotations:
D:3 1 runed translucent door, qw's ghost, amateur GrFi
D:4 Menkaure


Message History

Enter note:
2332 ||| SHOPLISTING +0 leather armour of the Maze {rF- rN+ rCorr Dex+3} (253 gold, have 109).
You can access your shopping list by pressing '$'.
2332 ||| SHOPLISTING +0 ring mail of cold resistance (154 gold, have 109).
You can access your shopping list by pressing '$'.
Menkaure, Prince of Dust comes into view.
Menkaure shouts!
You hear a shout!
Menkaure gestures at you while chanting.
Pain shoots through your body!
You shoot an arrow. The arrow completely misses Menkaure.
You shoot an arrow. The arrow hits Menkaure.
Menkaure is lightly damaged.
A kobold comes into view. It is wielding a +0 whip.
You shoot an arrow. The arrow hits Menkaure.
Menkaure is lightly damaged.
Menkaure gestures at you while chanting.
Pain shoots through your body!
You shoot an arrow. The arrow hits Menkaure.
Menkaure is moderately damaged.
Menkaure hits you!
You shoot an arrow. The arrow hits Menkaure.
Menkaure is heavily damaged.
Menkaure hits you.
2350 ||| DRINKING potion of heal wounds.
You feel much better.
Menkaure's bandages flutter.
Menkaure barely misses you.
You shoot an arrow. The arrow barely misses Menkaure.
The kobold closely misses you. Menkaure hits you!
Ouch! That really hurt!
The kobold hits you but does no damage.
You shoot an arrow. The arrow hits Menkaure.
Menkaure is severely damaged.
Menkaure shouts, "You disturbed my rest!
Die!"
Menkaure hits you but does no damage. The kobold hits you but does no damage.
You shoot an arrow.
The arrow hits Menkaure but does no damage.
Menkaure is severely damaged.
Menkaure hits you!
You die...

#.#####.#########. #.#
#.# ##.##
...####...#####
........#.....#
###.####...###.#
......\........####.#
.##.#####.......@K..#
#............##M......
#.##########.# .####.#
#.# .# #.# .# ... .#
#.. ## .... ....


You could see Menkaure and a kobold.

Vanquished Creatures
  2 adders (D:2)
  2 worms
  2 dart slugs
  6 orcs (D:3)
  A bat (D:1)
  3 giant cockroaches (D:1)
  5 goblins
  4 hobgoblins
  3 ball pythons
  2 frilled lizards
  8 kobolds
  5 rats
43 creatures vanquished.

Notes
Turn   | Place    | Note
-------+----------+-------------------------------------------
     0 | D:1      | qw the Deep Elf Hunter began the quest for the Orb.
     0 | D:1      | Reached XP level 1. HP: 12/12 MP: 3/3
     0 | D:1      | 0 ||| qw: Version: 0.3-a-9-g12657ce
     0 | D:1      | 0 ||| qw: Game counter: 3686
     0 | D:1      | 0 ||| qw: Always use a shield: true
     0 | D:1      | 0 ||| qw: God list: Okawaru
     0 | D:1      | 0 ||| qw: Allow faded altars: false
     0 | D:1      | 0 ||| qw: Do Orc after D:15 true
     0 | D:1      | 0 ||| qw: Do second Lair branch before Depths: true
     0 | D:1      | 0 ||| qw: Lair rune preference: random
     0 | D:1      | 0 ||| qw: Plans: Normal
     0 | D:1      | 0 ||| PLANNING D:1-11
   402 | D:1      | Reached XP level 2. HP: 16/16 MP: 4/4
   411 | D:1      | Reached skill level 6 in Ranged Weapons
   618 | D:1      | Found a faded altar of an unknown god.
   766 | D:1      | 766 ||| UPGRADING to amulet of guardian spirit.
   771 | D:1      | 771 ||| READING scroll labelled ECUDUPT WAOX.
   772 | D:1      | 772 ||| READING 3 scrolls labelled QEIMOUD QYCAE.
   773 | D:1      | 773 ||| READING scroll labelled CUARCH FUMMAMPI.
   774 | D:1      | 774 ||| DROPPING scroll of butterflies.
   982 | D:2      | Reached XP level 3. HP: 20/20 MP: 5/5
  1351 | D:2      | 1351 ||| UPGRADING to ring of positive energy.
  1352 | D:2      | 1352 ||| READING scroll labelled ZOTHEGREMUZE.
  1356 | D:2      | 1356 ||| READING scroll labelled GIRGHUY VODE.
  1357 | D:2      | 1357 ||| READING 2 scrolls of identify.
  1357 | D:2      | 1357 ||| IDENTIFYING glowing green potion
  1358 | D:2      | 1358 ||| DROPPING potion of brilliance.
  1383 | D:3      | 1383 ||| STAIRDANCE
  1436 | D:3      | Reached skill level 7 in Ranged Weapons
  1756 | D:3      | Reached XP level 4. HP: 25/25 MP: 6/6
  1878 | D:3      | Noticed qw's ghost (amateur GrFi)
  1882 | D:3      | Found a runed translucent door.
  2012 | D:3      | 2012 ||| UPGRADING to +0 helmet.
  2017 | D:3      | 2017 ||| UPGRADING to +0 scale mail.
  2027 | D:3      | 2027 ||| DROPPING +0 leather armour.
  2028 | D:3      | 2028 ||| READING 2 scrolls of enchant armour.
  2028 | D:3      | 2028 ||| ENCHANTING +0 helmet.
  2029 | D:3      | 2029 ||| READING scroll of enchant armour.
  2029 | D:3      | 2029 ||| ENCHANTING +1 helmet.
  2030 | D:3      | 2030 ||| READING 3 scrolls labelled VIAFUQ GONUYBB.
  2031 | D:3      | 2031 ||| READING 2 scrolls of identify.
  2031 | D:3      | 2031 ||| IDENTIFYING fizzy clear potion
  2032 | D:3      | 2032 ||| DROPPING 2 scrolls of fear.
  2252 | D:3      | 2252 ||| DRINKING 3 yellow potions.
  2253 | D:3      | 2253 ||| DRINKING 2 sedimented emerald potions.
  2254 | D:3      | 2254 ||| DRINKING 2 cyan potions.
  2327 | D:4      | Found Naokkenn's Armour Boutique.
  2332 | D:4      | 2332 ||| SHOPLISTING +0 leather armour of the Maze {rF- rN+
                  | rCorr Dex+3} (253 gold, have 109).
  2332 | D:4      | 2332 ||| SHOPLISTING +0 ring mail of cold resistance (154
                  | gold, have 109).
  2344 | D:4      | Noticed Menkaure
  2349 | D:4      | HP: 5/25 [Menkaure (5)]
  2350 | D:4      | 2350 ||| DRINKING potion of heal wounds.
  2353 | D:4      | Slain by Menkaure

Levels and vault maps discovered:
D:1:      dpeg_arrival_yet_another_circle, layout_loops_ring,
          shapermc_ecumenical_altar_mp_vishouse
D:2:      layout_loops_ring
D:3:      corexii_shack_village, layout_basic, hellmonk_ghost_happy_afterlife,
          dk_vineyard_1
D:4:      layout_loops_ring, minitemple, serial_shops, shop, uniq_menkaure,
          uniq_eustachio, uniq_ijyb, uniq_grinder

Skill      XL: |  1  2  3 |
---------------+----------+-----
Ranged Weapons | 6 7 |  7.6
Fighting       | |  1.5
Dodging        | |  2.4
Stealth        | |  1.2

Action                     |  1- 3 |  4- 6 || total
---------------------------+-------+-------++-------
   Fire: Shortbow          |   104 |    37 ||   141
    Use: Scroll            |     6 |     4 ||    10
         Potion            |       |     4 ||     4
 Armour: Leather armour    |     6 |     2 ||     8
         Scale mail        |       |    14 ||    14
  Dodge: Dodged            |    12 |    11 ||    23

Table legend:
 A = Non-vault XP
 B = Vault XP
 C = Vault XP percentage of total XP
 D = Non-vault monster count
 E = Vault monster count
 F = Vault count percentage of total count
                 A         B        C        D         E       F
            +---------+---------+-------+---------+---------+-------
      Total |      86 |      26 |  23.2 |      31 |      12 |  27.9
            +---------+---------+-------+---------+---------+-------
        D:1 |      19 |       0 |   0.0 |      11 |       0 |   0.0
        D:2 |      42 |       0 |   0.0 |      10 |       0 |   0.0
        D:3 |      25 |      26 |  51.0 |      10 |      12 |  54.5
            +---------+---------+-------+---------+---------+-------
